 Dungeon Crawl Stone Soup version 0.15-a0-462-gf669498 (console) character file.

228 Rage the Cudgeler (level 5, -14/54 HPs)
             Began as an Ogre Berserker on May 7, 2014.
             Was a Priest of Trog.
             Demolished by an ogre
             ... wielding a +0,+0 giant spiked club
              (24 damage)
             ... on Level 4 of the Dungeon.
             The game lasted 00:04:48 (972 turns).

Rage the Cudgeler (Ogre Berserker)                   Turns: 972, Time: 00:04:48

HP -14/54        AC  3     Str 22      XL: 5   Next: 30%
MP   5/5         EV 10     Int  6      God: Trog [***...]
Gold 80          SH  0     Dex 10      Spells:  0 memorised,  4 levels left

rFire  . . .     SeeInvis .     p - +0 blowgun
rCold  . . .     Clarity  .     r - +0 robe
rNeg   . . .     Conserve .     (shield restricted)
rPois  .         rCorr    .     (helmet restricted)
rElec  .         rRot     .     (no cloak)
SustAb . .       Spirit   .     (gloves unavailable)
rMut   .         Warding  .     (boots unavailable)
Saprov + . .     Stasis   .     (no amulet)
MR     .....                    (no ring)
                                (no ring)

@: not resistant to hostile enchantments, very unstealthy
A: unfitting armour, fast metabolism 1, saprovore 1, tough skin 1
a: Burn Spellbooks, Berserk, Trog's Hand, Renounce Religion


You were on level 4 of the Dungeon.
You worshipped Trog.
Trog was most pleased with you.
You were near starving.

You visited 1 branch of the dungeon, and saw 4 of its levels.

You collected 80 gold pieces.

Inventory:

Hand weapons
 a - a +0,+0 mace
 p - a +0 blowgun (weapon)
Missiles
 s - 5 curare-tipped needles (quivered)
Armour
 b - a +0 animal skin
 r - a +0 robe (worn)
Comestibles
 c - 2 meat rations
 d - a bread ration
Scrolls
 e - 2 scrolls of teleportation {unknown}
 f - a scroll of random uselessness {unknown}
 g - a scroll of blinking {unknown}
 h - 2 scrolls of fog {unknown}
 i - a scroll of immolation {unknown}
 j - 2 scrolls of noise {unknown}
 k - a scroll of amnesia {unknown}
 q - 2 scrolls of remove curse {unknown}
Jewellery
 o - an uncursed amulet of the gourmand {unknown}
Potions
 l - 3 potions of heal wounds
 m - a potion of restore abilities {unknown}
 n - a potion of mutation {unknown}


   Skills:
 - Level 4.0 Fighting
 + Level 7.7 Maces & Flails
 - Level 2.9 Dodging


You had 4 spell levels left.
You didn't know any spells.

Dungeon Overview and Level Annotations

Branches:
Dungeon (4/15)
 Temple: D:4-7

Altars:


Innate Abilities, Weirdness & Mutations

You are too large for most types of armour.
You have a fast metabolism.
You can tolerate rotten meat.
You have tough skin (AC +1).


Message History

Press: ? - help, Shift-Dir - straight line, f - ogre
Aim: an ogre, wielding a giant spiked club You shoot a curare-tipped needle.
The curare-tipped needle barely misses the ogre.
Firing (i - inventory):
s - 7 curare-tipped needles (quivered)
Press: ? - help, Shift-Dir - straight line, f/p - ogre
Aim: an ogre, wielding a giant spiked club You shoot a curare-tipped needle.
The curare-tipped needle barely misses the ogre.
The curare-tipped needle hits the rat skeleton.
The ogre hits you with a giant spiked club!
* * * LOW HITPOINT WARNING * * *
Firing (i - inventory):
s - 6 curare-tipped needles (quivered)
Press: ? - help, Shift-Dir - straight line, f/p - ogre
Aim: an ogre, wielding a giant spiked club You shoot a curare-tipped needle.
The curare-tipped needle hits the ogre.
The ogre is poisoned.
The ogre convulses.
The ogre is lightly wounded.
The ogre hits you with a giant spiked club!
You die...

#.....#
#.....######
#.......(..#
##########(#
#.# #Z# #.#
#O# ####.#
#@# #<...#
#.#
#......##..
#......##.##
#......####
#....o.#
#<...#.#
........
##.#...


You could see an ogre and a rat skeleton.

Vanquished Creatures
  An orc priest (D:3)
  A gnoll (D:1)
  A giant mite (D:1)
  5 adders
  A worm (D:2)
  An ooze (D:2)
  6 orcs
  6 bats
  4 hobgoblins
  4 jackals (D:2)
  3 kobolds
  3 quokkas
  3 giant newts
  3 goblins (D:1)
  6 rats
48 creatures vanquished.

Notes
Turn   | Place    | Note
--------------------------------------------------------------
     0 | D:1      | Rage, the Ogre Berserker, began the quest for the Orb.
     0 | D:1      | Reached XP level 1. HP: 24/24 MP: 1/1
    65 | D:1      | Reached XP level 2. HP: 32/32 MP: 2/2
    71 | D:1      | Reached skill level 5 in Maces & Flails
   138 | D:1      | Reached XP level 3. HP: 20/39 MP: 3/3
   225 | D:2      | Reached skill level 6 in Maces & Flails
   231 | D:2      | Acquired Trog's second power
   413 | D:3      | Reached XP level 4. HP: 39/48 MP: 4/4
   645 | D:3      | Reached skill level 7 in Maces & Flails
   817 | D:3      | Reached XP level 5. HP: 38/54 MP: 5/5
   952 | D:4      | Noticed an ogre
   972 | D:4      | Demolished by an ogre

Action                   |  1- 3 |  4- 6 || total
-------------------------+-------+-------++-------
Melee: Mace              |    66 |    63 ||   129
 Fire: Blowgun           |       |     3 ||     3
Invok: Berserk           |     2 |     2 ||     4
  Use: Potion            |       |     1 ||     1
